 Dungeon Crawl Stone Soup version 0.18-a0-1748-g7377c14 (webtiles) character file.

277 dobroeutro the Shield-Bearer (level 6, -7/38 HPs)
             Began as a Gargoyle Fighter on Apr 12, 2016.
             Mangled by an ogre
             ... wielding a +0 giant club
              (8 damage)
             ... on level 4 of the Dungeon.
             The game lasted 00:03:58 (2430 turns).

dobroeutro the Shield-Bearer (Gargoyle Fighter)     Turns: 2430, Time: 00:03:59

Health: -7/38      AC: 11    Str: 20    XL:     6   Next: 25%
Magic:  6/6        EV:  7    Int:  9    God:
Gold:   131        SH: 11    Dex: 10    Spells: 0 memorised, 5 levels left

rFire  . . .     SeeInvis .     a - +0 flail
rCold  + . .     Gourm    .     b - +0 scale mail
rNeg   + . .     Faith    .     c - +1 shield
rPois  ∞         Spirit   .     (no helmet)
rElec  +         Dismiss  .     (no cloak)
rCorr  .         Reflect  .     (no gloves)
SustAt .         Harm     .     (no boots)
MR     .....                    (no amulet)
Stlth  ..........               (no ring)
                                i - ring of protection from cold

@: not resistant to hostile enchantments, extremely unstealthy
A: negative energy resistance 1, electricity resistance, unbreathing,
petrification resistance, rot immunity, AC +4
a: no special abilities


You were on level 4 of the Dungeon.
You were near starving.

You visited 1 branch of the dungeon, and saw 4 of its levels.

You collected 131 gold pieces.

Inventory:

Hand Weapons
 a - a +0 flail (weapon)
Armour
 b - a +0 scale mail (worn)
 c - a +1 shield (worn)
Jewellery
 i - a ring of protection from cold (left hand)
Scrolls
 e - 3 scrolls of identify
 h - a scroll of remove curse
 n - a scroll of noise {unknown}
Potions
 d - 3 potions of might
 g - 2 potions of ambrosia {unknown}
 j - 2 potions of invisibility
 k - a potion of berserk rage {unknown}
 l - a potion of magic {unknown}
 m - a potion of mutation {unknown}
 o - a potion of agility {unknown}
 p - a potion of curing {unknown}
 q - a potion of cancellation {unknown}
Comestibles
 f - a bread ration


   Skills:
 + Level 4.2 Fighting
 + Level 3.3 Maces & Flails
 + Level 4.6 Armour
 - Level 0.2 Dodging
 + Level 5.2 Shields


You had 5 spell levels left.
You didn't know any spells.

Dungeon Overview and Level Annotations

Branches:
Dungeon (4/15)
 Temple: D:4-7

Altars:
Ashenzari
Makhleb
Vehumet


Innate Abilities, Weirdness & Mutations

You are resistant to torment.
Your stone body is resilient (AC +4).
You are immune to poison.
You resist negative energy.
You are resistant to electric shocks.
You can survive without breathing.
You are immune to petrification.
You are immune to rotting.


Message History

You are too injured to fight recklessly!
You are too injured to fight recklessly!
You are too injured to fight recklessly!
You are too injured to fight recklessly!
You are too injured to fight recklessly!
You are too injured to fight recklessly!
You are too injured to fight recklessly!
You are too injured to fight recklessly!
You are too injured to fight recklessly!
You are too injured to fight recklessly!
You are too injured to fight recklessly!
You are too injured to fight recklessly!
You hit the ogre.
The ogre is heavily wounded.
The ogre hits you with a giant club!
* * * LOW HITPOINT WARNING * * *
You hit the ogre.
The ogre is heavily wounded.
The ogre hits you with a giant club!
You die...

#......#########
....>..'.......#
.#
.......#######.#
.# .......# #.#
.# .......# #.#
.# .......# #.#
.# .......# #.#
.# ....[..#
#####.##.#.#
#......#
#......@O..#
#..#+###
########.#.#
##.#.# .# #.#.#
.# #.#.# .#
#...# .# ##...#
## .....# ##...#


You could see an ogre.

Vanquished Creatures
  An orc priest (D:3)
  An iguana (D:4)
  An orc wizard (D:3)
  Natasha (thrice) (D:2)
  A howler monkey skeleton (D:4)
  4 adders (D:2)
  An ooze (D:2)
  2 worms
  A dart slug (D:1)
  2 giant geckos
  5 orcs (D:3)
  2 giant cockroaches (D:2)
  7 goblins
  4 hobgoblins
  2 quokkas
  9 bats
  A giant gecko skeleton (D:4)
  4 giant newts
  12 kobolds
  3 rats
66 creatures vanquished.

Notes
Turn   | Place    | Note
--------------------------------------------------------------
     0 | D:1      | dobroeutro the Gargoyle Fighter began the quest for the Orb.
     0 | D:1      | Reached XP level 1. HP: 14/14 MP: 1/1
   137 | D:1      | Reached XP level 2. HP: 19/19 MP: 2/2
   889 | D:2      | Reached XP level 3. HP: 23/23 MP: 3/3
   916 | D:2      | Found a radiant altar of Vehumet.
   920 | D:2      | Found a burning altar of Makhleb.
  1003 | D:2      | Noticed Natasha
  1014 | D:2      | Killed Natasha
  1048 | D:2      | Reached skill level 4 in Shields
  1048 | D:2      | Reached XP level 4. HP: 24/29 MP: 4/4
  1091 | D:2      | Found a faded altar to an unknown god.
  1390 | D:2      | Noticed Natasha
  1397 | D:2      | Killed Natasha
  1397 | D:2      | Reached XP level 5. HP: 21/33 MP: 5/5
  1409 | D:2      | Noticed Natasha
  1421 | D:2      | Killed Natasha
  1605 | D:3      | Found a shattered altar of Ashenzari.
  1687 | D:3      | Reached skill level 5 in Shields
  1692 | D:3      | Reached XP level 6. HP: 31/38 MP: 6/6
  2429 | D:4      | HP: 1/38 [ogre/giant club (8)]
  2430 | D:4      | Mangled by an ogre

Vault maps used:
D:1:      dpeg_arrival_lava_temple_mockup
D:2:      minitemple, ecumenical_altar_2, bh_walls_and_bars, uniq_natasha
D:3:      minmay_misc_feat_diagonals, ashenzari_altar_1
D:4:      portal_sewer_entry_d

Skill      XL: |  1  2  3  4  5 |
---------------+----------------+-----
Shields        | 4 5 |  5.2
Armour         | 4 |  4.6
Fighting       | 4 |  4.2
Maces & Flails | 3 |  3.3
Dodging        | |  0.2

Action                   |  1- 3 |  4- 6 || total
-------------------------+-------+-------++-------
Melee: Flail             |   103 |   223 ||   326
  Use: Scroll            |       |     6 ||     6
  Eat: Chunk             |     1 |     3 ||     4
Armor: Scale mail        |    69 |   123 ||   192
Dodge: Dodged            |    38 |    74 ||   112
Block: Shield            |    61 |   129 ||   190
